 Dungeon Crawl Stone Soup version 0.13-a0-2672-g649a1be (webtiles) character file.

477 M4edhros the Covert (level 6, -3/37 HPs)
             Began as an Octopode Wanderer on Aug 12, 2013.
             Was a Believer of Makhleb.
             Hit by a dart thrown by a big kobold (6 damage)
             ... on Level 3 of the Dungeon.
             The game lasted 00:05:12 (3413 turns).

M4edhros the Covert (Octopode Wanderer)             Turns: 3413, Time: 00:05:12

HP  -3/37        AC  1     Str 13      XL: 6   Next: 56%
MP  16/16        EV 12     Int 16      God: Makhleb [**....]
Gold 136         SH  0     Dex 10      Spells:  0 memorised,  5 levels left

Res.Fire  : + . .   See Invis. : .   b - +0 short sword
Res.Cold  : x . .   Warding    : .   (no shield)
Life Prot.: . . .   Conserve   : .   (helmet restricted)
Res.Poison: .       Res.Corr.  : .   (no amulet)
Res.Elec. : .       Clarity    : .   e - ring of magical power
Sust.Abil.: . .     Spirit.Shd : .   l - ring of fire
Res.Mut.  : .       Stasis     : .   (no ring)
Res.Rott. : .       Flight     : .   (no ring)
Saprovore : . . .                    (no ring)
                                     (no ring)
                                     (no ring)
                                     (no ring)

@: slightly resistant to hostile enchantments, extremely stealthy
A: almost no armour, amphibious, 8 rings, constrict 8, camouflage 1, AC +1
a: Minor Destruction, Renounce Religion


You were on level 3 of the Dungeon.
You worshipped Makhleb.
Makhleb was most pleased with you.
You were very hungry.

You visited 1 branch of the dungeon, and saw 3 of its levels.

You collected 86 gold pieces.

Inventory:

Hand weapons
 b - a +0,+0 short sword (weapon)
Magical devices
 m - a wand of fireball (6) {unknown}
Comestibles
 d - 2 bread rations
 f - a meat ration
Scrolls
 a - 2 scrolls of blinking
 c - a scroll of magic mapping {unknown}
 g - 3 scrolls of remove curse {unknown}
 h - a scroll of fear {unknown}
 i - a scroll of noise {unknown}
 j - 4 scrolls of identify {unknown}
 k - 2 scrolls of random uselessness {unknown}
 q - a scroll of teleportation
Jewellery
 e - a ring of magical power (left tentacle)
 l - a ring of fire (right tentacle)
Potions
 p - a potion of curing


   Skills:
 - Level 1.0 Fighting
 - Level 3.0 Short Blades
 - Level 2.0 Dodging
 * Level 9.3 Stealth
 - Level 2.0 Unarmed Combat
 - Level 1.1 Evocations


You had 5 spell levels left.
You didn't know any spells.

Dungeon Overview and Level Annotations

Branches:
Dungeon (3/27)

Altars:
Makhleb
Sif Muna
Vehumet


Innate Abilities, Weirdness & Mutations

You cannot wear most types of armour.
You are amphibious.
You can wear up to eight rings at the same time.
You can use your tentacles to constrict many enemies at once.
Your skin changes colour to match your surroundings (Stlth).
Your rubbery body absorbs attacks (AC +1).


Message History

The big kobold hits you with an orcish club!
You hit the big kobold. Your grab misses the big kobold.
The big kobold is lightly wounded.
The big kobold hits you with an orcish club.
You barely miss the big kobold. Your grab misses the big kobold.
Your tentacle-slap misses the big kobold.
The big kobold is lightly wounded.
The big kobold misses you.
You hit the big kobold. Your grab misses the big kobold.
The big kobold is lightly wounded.
The rat bites you.
The big kobold hits you with an orcish club.
The rat closely misses you.
The big kobold throws a dart.
The dart hits you!
* * * LOW HITPOINT WARNING * * *
The rat barely misses you.
There is an open door here.
You see here a dart.
The big kobold throws a dart.
The dart hits you!
You die...

.≈≈≈..≈≈≈≈≈≈≈.≈......≈...≈≈≈..≈≈≈
≈≈≈≈≈≈≈≈≈≈≈≈≈≈≈≈≈...)≈≈≈≈≈≈≈≈≈≈≈≈
≈≈≈≈≈≈(≈≈≈≈≈≈≈≈≈≈..(.≈≈≈≈≈≈≈≈≈≈≈≈
≈≈≈≈≈≈≈≈≈(≈≈≈≈≈≈≈....≈≈≈≈≈≈≈≈≈≈≈≈
##################''#############
##.....#..()...#....#
##...().')(.)...#.(.)#
#..(..).#########).).##
#......)......r#@.....#...
'((..........K.(..)(..'....
#..............#......#...
#.......#########....#####
##.(....'.).....#....#
##.....#.).....#....#
#################################
≈≈≈≈≈≈≈≈≈≈≈≈≈≈≈≈≈≈≈≈≈≈≈≈≈≈≈≈≈≈≈≈≈
≈≈≈≈≈≈≈≈≈≈≈≈≈≈≈≈≈≈≈≈≈≈≈≈≈≈≈≈≈≈≈≈≈


You could see a big kobold.

Vanquished Creatures
  Sigmund (D:2)
  2 big kobolds (D:3)
  3 adders (D:2)
  A gnoll (D:3)
  2 worms (D:3)
  A bat skeleton (D:3)
  2 giant cockroaches
  7 goblins
  2 hobgoblins (D:1)
  6 jackals
  36 kobolds
  A quokka (D:2)
  4 bats
  4 giant newts (D:2)
  4 rats
76 creatures vanquished.

Vanquished Creatures (others)
  An adder (D:3)
1 creature vanquished.

Grand Total: 77 creatures vanquished

Notes
Turn   | Place    | Note
--------------------------------------------------------------
     0 | D:1      | M4edhros, the Octopode Wanderer, began the quest for the Orb.
     0 | D:1      | Reached XP level 1. HP: 12/12 MP: 1/1
   119 | D:1      | Reached XP level 2. HP: 12/18 MP: 2/2
   456 | D:2      | Noticed Sigmund
   459 | D:2      | Killed Sigmund
   459 | D:2      | Reached skill level 6 in Stealth
   459 | D:2      | Reached XP level 3. HP: 22/22 MP: 3/3
   459 | D:2      | Reached XP level 4. HP: 27/27 MP: 4/4
   624 | D:2      | Paralysed by a potion of paralysis for 2 turns
   832 | D:2      | Found a burning altar of Makhleb.
   832 | D:2      | Noticed an Executioner
   893 | D:2      | Reached XP level 5. HP: 30/32 MP: 5/5
   916 | D:2      | Noticed an orange demon
   916 | D:2      | Noticed a ynoxinul
   918 | D:2      | Became a worshipper of Makhleb the Destroyer
  1343 | D:2      | Reached skill level 7 in Stealth
  1758 | D:3      | Found a radiant altar of Vehumet.
  2491 | D:3      | Reached skill level 8 in Stealth
  2491 | D:3      | Reached XP level 6. HP: 25/37 MP: 7/7
  2494 | D:3      | Acquired Makhleb's first power
  2497 | D:3      | Reached skill level 9 in Stealth
  3319 | D:3      | Acquired Makhleb's second power
  3354 | D:3      | Found a deep blue altar of Sif Muna.
  3413 | D:3      | Hit by a dart thrown by a big kobold

Action                   |  1- 3 |  4- 6 || total
-------------------------+-------+-------++-------
Melee: Short sword       |    28 |   155 ||   183
Invok: Minor Destruction |       |     4 ||     4
  Use: Potion            |       |     7 ||     7
 Stab: Sleeping          |     2 |     9 ||    11
       Invisible         |       |     5 ||     5
